Map: Orbital Shipyard

Players

Groninguez - Winner!

  • Race: Zerg Zerg
  • League: Gold

capac

  • Race: Terran Terran
  • League: Gold

VOD

Have the link to the VOD?

Description

Time

  • Played on: March 15, 2016, 3:05 p.m.
  • Length: 17:33
Show
View Real Time Build Order
Export as new Build Order

Groninguez Zerg - Winner!

Build Orders: Pool First, Zergling Baneling 

Get SALT Encoding   

  12  0:01  Drone  
  13  0:12  Drone  
  14  0:17  Extractor  
  13  0:30  Spawning Pool  
  13  0:32  Drone  
  13  0:40  Drone  
  14  0:46  Overlord  
  14  1:04  Drone  
  14  1:05  Drone  
  16  1:18  Zergling x4  
  18  1:20  Metabolic Boost  
  18  1:27  Zergling x2  
  19  1:33  Queen  
  21  1:43  Zergling x2  
  22  1:48  Baneling Nest  
  22  1:49  Zergling x2  
  22  1:58  Overlord  
  22  2:17  Zergling x2  
  23  2:30  Zergling x2  
  23  2:36  Baneling x2  
  24  2:38  Baneling  
  24  2:39  Baneling  
  24  2:48  Zergling x8  
  26  3:08  Zergling x4  
  24  3:32  Zergling x4  
  24  3:33  Baneling x4  
  25  3:52  Zergling x4  
  27  3:58  Baneling x2  
  27  4:00  Baneling  
  27  4:01  Zergling x2  
  28  4:09  Zergling x2  
  29  4:12  Hatchery  
  24  4:30  Zergling x6  
  23  4:45  Zergling x6  
  26  4:55  Baneling x2  
  26  4:56  Baneling x3  
  26  4:57  Baneling  
  26  4:58  Baneling  
  26  5:05  Drone  
  27  5:22  Hatchery  
  27  5:23  Drone x3  
  22  5:54  Drone x4  
  22  5:55  Drone x4  
  29  6:11  Drone x3  
  30  6:20  Roach Warren  
  30  6:23  Queen  
  31  6:27  Zergling x2  
  31  6:28  Zergling x2  
  31  6:31  Zergling x2  
  34  6:40  Spore Crawler  
  34  6:43  Spore Crawler  
  34  6:46  Zergling x6  
  35  7:00  Roach x3  
  41  7:01  Overlord  
  41  7:07  Lair  
  41  7:13  Drone  
  41  7:14  Evolution Chamber  
  41  7:15  Drone  
  42  7:19  Overlord  
  42  7:27  Queen  
  45  7:30  Drone  
  45  7:32  Drone  
  45  7:36  Drone x2  
  48  7:40  Overlord  
  48  7:46  Extractor, Drone  
  48  7:47  Extractor, Drone  
  48  7:49  Drone  
  49  7:52  Drone  
  49  7:55  Drone  
  49  7:56  Drone  
  52  8:02  Drone x2  
  52  8:03  Drone  
  56  8:05  Drone  
  56  8:07  Drone  
  57  8:14  Roach  
  57  8:15  Roach  
  57  8:17  Roach  
  57  8:19  Roach  
  65  8:22  Overlord  
  65  8:27  Drone  
  65  8:30  Overlord  
  65  8:32  Zerg Missile Weapons Level 1  
  66  8:39  Infestation Pit  
  65  8:44  Evolution Chamber  
  65  8:46  Queen, Spore Crawler  
  65  8:51  Queen  
  67  8:57  Ravager x3  
  67  8:59  Ravager  
  71  9:07  Drone x3  
  71  9:09  Overlord x2  
  74  9:21  Zerg Ground Armor Level 1  
  74  9:25  Overlord x2, Extractor  
  74  9:26  Drone  
  74  9:28  Drone  
  74  9:29  Drone x2  
  77  9:32  Overlord  
  77  9:45  Hive  
  77  9:48  Overlord  
  77  9:50  Drone x3  
  77  9:51  Drone  
  81  9:54  Queen  
  83  10:03  Drone x2, Spore Crawler  
  83  10:04  Drone, Spore Crawler  
  84  10:07  Extractor  
  84  10:08  Extractor  
  82  10:14  Roach x2  
  82  10:15  Roach x2  
  82  10:20  Centrifical Hooks  
  90  10:28  Overseer x2  
  90  10:32  Drone x4  
  90  10:33  Drone  
  90  10:34  Drone x2  
  79  10:58  Queen  
  79  11:00  Roach  
  79  11:01  Roach x3  
  89  11:04  Roach x2  
  89  11:05  Roach x2  
  89  11:07  Zerg Missile Weapons Level 2  
  97  11:14  Drone x3  
  97  11:15  Overlord, Drone x2  
  97  11:17  Pathogen Glands  
  102  11:33  Drone x2  
  102  11:34  Drone x2  
  106  11:47  Hatchery  
  106  11:53  Spore Crawler  
  104  11:56  Spore Crawler  
  104  11:57  Zerg Ground Armor Level 2  
  103  12:05  Ultralisk Cavern  
  103  12:06  Drone  
  103  12:07  Drone x3  
  106  12:11  Roach x4  
  106  12:12  Roach  
  116  12:17  Infestor x2  
  120  12:25  Ravager x2  
  122  12:46  Hatchery  
  122  12:47  Overlord x4  
  122  12:50  Drone  
  122  12:56  Overlord  
  122  12:57  Overlord  
  122  12:58  Extractor, Overseer  
  121  13:00  Extractor  
  120  13:08  Drone x2  
  120  13:09  Drone x5  
  120  13:10  Ultralisk  
  120  13:11  Ultralisk x2  
  145  13:14  Chitinous Plating  
  145  13:18  Burrow  
  145  13:19  Drone  
  147  13:20  Drone  
  147  13:29  Drone x6  
  147  13:30  Drone  
  154  13:49  Ultralisk x2  
  154  13:50  Infestor  
  154  13:53  Overlord  
  168  13:57  Infestor  
  170  14:05  Extractor  
  170  14:06  Drone x3  
  170  14:07  Drone x4  
  176  14:26  Extractor  
  175  14:31  Infestor x3  
  175  14:33  Ultralisk  
  175  14:34  Overlord x4  
  175  14:35  Overlord  
  175  14:36  Overlord  
  187  14:41  Zerg Melee Weapons Level 1  
  187  14:52  Zerg Ground Armor Level 3  
  187  15:01  Ultralisk  
  193  15:23  Ultralisk  
  199  15:31  Hydralisk Den  
  198  15:45  Hatchery  
  187  15:53  Hatchery  
  187  15:54  Ultralisk x3  
  196  15:58  Ravager x2  
  196  15:59  Ravager x2  
Show
View Real Time Build Order
Export as new Build Order

capac Terran 

Build Orders:  

Get SALT Encoding   

  12  0:01  SCV  
  13  0:13  SCV  
  14  0:18  Supply Depot  
  14  0:25  SCV  
  15  0:39  SCV  
  15  0:41  Barracks  
  16  0:48  Refinery  
  16  0:52  SCV  
  17  1:04  SCV  
  18  1:16  SCV  
  19  1:28  SCV  
  20  1:35  Reaper  
  20  1:36  Command Center  
  21  1:43  Orbital Command  
  21  1:53  Supply Depot  
  21  2:09  Barracks Reactor  
  21  2:11  SCV  
  22  2:18  Barracks  
  21  2:52  Orbital Command  
  21  2:55  Marine x2  
  23  3:07  Marine  
  22  3:13  Marine  
  17  3:20  Supply Depot  
  16  3:36  SCV x2  
  16  3:39  Marine x2  
  19  3:58  SCV x2  
  19  4:00  Factory  
  21  4:09  Marine x2  
  23  4:11  Barracks Tech Lab  
  23  4:15  SCV  
  19  4:34  Supply Depot  
  19  4:35  Marine x2  
  19  4:36  Marine  
  22  4:46  Bunker  
  22  4:50  Factory Tech Lab  
  22  4:53  Marine x2, SCV  
  22  4:54  Marine  
  26  5:08  SCV x2  
  28  5:15  Siege Tank  
  28  5:16  Marine  
  32  5:27  SCV x2  
  34  5:31  Starport  
  34  5:32  Marine  
  34  5:34  Marine  
  31  6:08  Siege Tank  
  31  6:09  Marine x3  
  36  6:22  Supply Depot  
  36  6:25  Starport Reactor  
  36  6:26  SCV x2  
  36  6:29  Refinery  
  38  6:41  Engineering Bay  
  38  6:52  Marine x3  
  41  6:55  SCV x2  
  43  7:07  SCV x2  
  45  7:13  Marine, Missile Turret x2  
  46  7:19  Supply Depot  
  46  7:27  Liberator x2  
  46  7:40  Marine x2  
  46  7:44  Supply Depot  
  54  7:55  Terran Infantry Weapons Level 1, Marine, SCV x2  
  57  7:59  Marine, Stimpack  
  57  8:00  Marine  
  59  8:07  SCV  
  60  8:13  SCV  
  60  8:16  Marine  
  63  8:20  SCV  
  63  8:25  SCV  
  63  8:26  Supply Depot  
  64  8:36  SCV  
  64  8:37  SCV  
  64  8:40  Medivac x2  
  70  8:48  SCV  
  70  8:52  SCV  
  72  8:57  Supply Depot  
  72  9:00  SCV  
  73  9:04  Armory, SCV  
  74  9:11  Engineering Bay  
  74  9:13  SCV  
  74  9:16  SCV  
  76  9:24  Supply Depot, Marine x2  
  76  9:25  Marine, SCV  
  76  9:28  SCV  
  78  10:16  Marine x3  
  78  10:18  Siege Tank  
  84  10:22  Terran Infantry Weapons Level 2, Factory  
  84  10:24  Terran Infantry Armor Level 1  
  84  10:26  Command Center  
  84  10:27  SCV x2  
  86  10:29  Refinery  
  86  10:30  Refinery  
  86  10:38  Liberator  
  83  10:46  Marine x3  
  80  10:52  Barracks  
  80  10:54  Barracks  
  74  10:59  Barracks  
  74  11:08  Factory Tech Lab  
  74  11:12  SCV x2  
  76  11:19  Supply Depot  
  76  11:31  Marine x3  
  79  11:48  Supply Depot  
  79  11:49  Barracks Reactor x2  
  79  11:50  Barracks Reactor  
  79  12:19  Medivac  
  79  12:20  Medivac  
  79  12:21  Siege Tank x2  
  79  12:22  Marine x3  
  92  12:29  Orbital Command  
  92  12:31  SCV x2  
  94  12:37  Marine x5  
  94  12:39  Marine  
  94  12:41  Terran Infantry Armor Level 2, Terran Infantry Weapons Level 3  
  100  12:49  Command Center  
  100  12:50  Marine x3  
  103  12:55  Marine x5  
  108  13:00  Supply Depot  
  108  13:04  Supply Depot  
  108  13:07  Medivac x2  
  108  13:10  Marine  
  108  13:11  Marine x3  
  116  13:15  Siege Tank  
  119  13:22  Marine x3  
  119  13:23  Marine  
  119  13:24  Supply Depot  
  119  13:27  Supply Depot  
  123  13:30  Marine x4  
  123  13:31  Marine  
  123  13:33  Combat Shields  
  128  13:35  Siege Tank  
  128  13:40  Medivac  
  133  13:47  Refinery x2  
  133  13:49  Supply Depot  
  133  13:51  Supply Depot, Marine  
  134  14:12  SCV x3  
  137  14:18  Supply Depot  
  137  14:19  Supply Depot, Marine x6  
  137  14:20  Marine x2  
  137  14:21  Marine  
  146  14:25  Medivac  
  146  14:26  Medivac  
  150  14:37  SCV x3  
  153  14:45  Supply Depot  
  153  14:50  Marine x5  
  153  14:51  Starport, Marine x3  
  153  14:52  Marine  
  162  14:58  Medivac x2  
  166  15:08  Marine x6  
  166  15:09  Marine x2  
  166  15:10  Marine  
  175  15:59  Liberator x2  
  181  16:19  Starport Reactor  
  110  16:41  Barracks, Marine x3  
  110  16:42  Marine x4  
  110  16:44  Barracks  
  100  16:56  Marine  
  100  16:57  Marine  
  100  16:59  Marine x5  
  113  17:14  Marine  
  113  17:15  Marine x3  
Tags
 
Add a new tag
Caveats
  • Supply blocks, unpowered buildings, or Contaminate may cause inaccurate times.
  • Supply counts are checked every 10 seconds.